 Seeded DCSS version 0.29.1-15-g9cfb28693d (webtiles) character file.

Game seed: 7873365575557357664 (custom seed)

1205 GigaChad the Cleaver (level 8, 0/68 HPs)
             Began as a Minotaur Gladiator on Mar 16, 2023.
             Was a Believer of Okawaru.
             Slain by a two-headed ogre
             ... wielding a +0 giant spiked club
              (15 damage)
             ... on level 5 of the Dungeon on Mar 17, 2023.
             The game lasted 00:06:53 (4671 turns).

GigaChad the Cleaver (Minotaur Gladiator)           Turns: 4671, Time: 00:06:54

Health: 0/68       AC: 13    Str: 27    XL:     8   Next: 21%
Magic:  7/7        EV:  8    Int:  5    God:    Okawaru [**....]
Gold:   261        SH:  0    Dex: 11    Spells: 7/7 levels left

rFire   . . .      SeeInvis .   i - +6 executioner's axe "Soshreg" {drain, Str+5}
rCold   . . .      Faith    .   (shield currently unavailable)
rNeg    . . .      Spirit   .   v - +0 plate armour
rPois   .          Reflect  .   c - +1 hat
rElec   .          Harm     .   (no cloak)
rCorr   .          Rampage  .   (no gloves)
Will    .....                   (no boots)
Stlth   ..........              (no amulet)
HPRegen 0.21/turn               (no ring)
MPRegen 0.10/turn               (no ring)

@: very slow
A: horns 2, retaliatory headbutt
a: Renounce Religion, Heroism


You were on level 5 of the Dungeon.
You worshipped Okawaru.
Okawaru was pleased with you.
You visited 1 branch of the dungeon, and saw 5 of its levels.

You collected 261 gold pieces.

Inventory:

Hand Weapons
 a - a +0 war axe
 i - the +6 executioner's axe "Soshreg" (weapon) {drain, Str+5}
   (You acquired it on level 2 of the Dungeon)

   A truly terrible weapon, it drains the life of any living foe it strikes.
   Str:       It affects your strength (+5).
Missiles
 d - 4 throwing nets (quivered)
 e - 3 javelins
Armour
 b - a +0 leather armour
 c - a +1 hat (worn)
 u - a +0 scale mail
 v - a +0 plate armour (worn)
Jewellery
 l - a ring of magical power
 q - a ring of protection from fire
 x - a ring of resist corrosion
Wands
 y - a wand of roots (5)
Scrolls
 h - a scroll of noise
 k - 2 scrolls of identify
 p - a scroll of enchant armour
 t - a scroll of silence
 w - a scroll of teleportation {unknown}
 z - 2 scrolls of immolation {unknown}
Potions
 f - 2 potions of curing
 g - 5 potions of haste
 j - a potion of flight {unknown}
 m - 2 potions of might {unknown}
 n - a potion of brilliance
 o - 2 potions of attraction {unknown}
 r - a potion of mutation {unknown}
 s - a potion of heal wounds {unknown}


   Skills:
 + Level 5.2 Fighting
 + Level 9.1 Axes
 + Level 2.2 Throwing
 + Level 5.2 Armour
 + Level 4.8 Dodging
 + Level 0.3 Stealth


You had 7 spell levels left.
You didn't know any spells.
Your spell library contained the following spells:

 Spells                   Type           Power      Damage    Failure   Level
 Poisonous Vapours        Pois/Air       0%         N/A       100%        2
 Dazzling Flash           Conj/Hex       0%         N/A       100%        3
 Corpse Rot               Necr/Pois/Air  0%         N/A       100%        4
 Agony                    Necr           0%         N/A       100%        5
 Silence                  Hex/Air        0%         N/A       100%        5


Dungeon Overview and Level Annotations

Branches:
Dungeon (5/15)
 Temple: D:4-7

Altars:
Fedhas
Okawaru
Qazlal

Annotations:
D:2 1 runed translucent door, Crazy Yiuf


Innate Abilities, Weirdness & Mutations

You have a pair of horns on your head.
You reflexively headbutt those who attack you in melee.


Message History

You barely miss the phantom. The phantom barely misses you.
The phantom hits you but does no damage.
You slice the phantom!!
The phantom is severely damaged.
The phantom barely misses you.
You barely miss the phantom.
The phantom is severely damaged.
The phantom hits you but does no damage. x2
You slice the phantom!!
You destroy the phantom!
Okawaru accepts your kill.
Your Axes skill increases to level 9!
No target in view!
z - 2 scrolls labelled ATASAUF SIUFF You now have 261 gold pieces (gained 7).
A sourceless malevolence fills the Dungeon... and a teleportation trap spontaneously manifests!
You are yanked towards some nearby monsters!
Your surroundings suddenly seem different.
Splash!
You fall into the shallow water.
Moving in this stuff is going to be slow.
A two-headed ogre comes into view.
It is wielding two +0 giant spiked clubs.
Found 7 gold pieces and a scroll of identify.
The two-headed ogre shouts in stereo!
Something hits you but does no damage.
Deactivating autopickup; reactivate with Ctrl-A.
Something hits you but does no damage. Something hits you.
The two-headed ogre closely misses you.
The two-headed ogre hits you with a +0 giant spiked club.
Your unstable footing causes you to fumble your attack.
The two-headed ogre hits you with a +0 giant spiked club! x2
Your unstable footing causes you to fumble your attack.
Something hits you.
The two-headed ogre hits you with a +0 giant spiked club!
The two-headed ogre barely misses you.
You barely miss the two-headed ogre. Something completely misses you.
The two-headed ogre hits you with a +0 giant spiked club!
* * * LOW HITPOINT WARNING * * *
The two-headed ogre hits you with a +0 giant spiked club!
You die...

...........+............
###...######.....# #####
............##.#<##~~~~~
............##.###~~~~~~
...........)+..##~~~~~~~
.###........####~~~~~~~~
.###......))###~~~~~~~~~
............##~~~{{~~~~~
###.........##~~@O~~~~~~
# ##.........#~~~~~~~...
####........)#~~~~~~~$..
..###..##(...#~~~~~~~?..
..###.. #....#~~~~~~~...
....#..## ##~~~~~~~~~~
....#... ..#~~~~~~~~~~
....# .## #.##~~~~~~~~~
#...##..####.##


You could see a two-headed ogre.

Vanquished Creatures
  Grinder (D:3)
  Duvessa (D:5)
  An ice beast (D:5)
  3 ogres
  2 phantoms
  Dowan (D:5)
  3 hounds
  2 orc wizards (D:3)
  4 gnolls
  5 adders
  A white imp (D:5)
  A worm (D:3)
  2 dart slugs (D:2)
  14 orcs
  6 bats
  11 endoplasms
  3 giant cockroaches
  9 goblins
  4 hobgoblins
  8 jackals
  9 kobolds
  2 quokkas
  5 ball pythons
  2 frilled lizards (D:3)
  6 rats
106 creatures vanquished.

Notes
Turn   | Place    | Note
-------+----------+-------------------------------------------
     0 | D:1      | GigaChad the Minotaur Gladiator began the quest for the
                  | Orb.
     0 | D:1      | Reached XP level 1. HP: 18/18 MP: 0/0
   238 | D:1      | Reached XP level 2. HP: 25/25 MP: 1/1
   415 | D:1      | Reached skill level 4 in Axes
   483 | D:1      | Found a faded altar of an unknown god.
   857 | D:2      | Reached XP level 3. HP: 28/30 MP: 2/2
   908 | D:2      | Found an iron altar of Okawaru.
   954 | D:2      | Became a worshipper of Warmaster Okawaru
  1225 | D:2      | Identified a scroll of acquirement
  1225 | D:2      | Acquired the +6 executioner's axe "Soshreg" {drain, Str+5}
  1253 | D:2      | Reached skill level 1 in Armour
  1488 | D:2      | Found a runed translucent door.
  1489 | D:2      | Noticed Crazy Yiuf
  1862 | D:2      | Reached XP level 4. HP: 33/37 MP: 3/3
  2399 | D:3      | Reached skill level 5 in Axes
  2536 | D:3      | Reached XP level 5. HP: 38/45 MP: 4/4
  2886 | D:3      | Reached skill level 6 in Axes
  3003 | D:3      | Noticed Grinder
  3005 | D:3      | Paralysed by Grinder for 4 turns
  3016 | D:3      | Killed Grinder
  3016 | D:3      | Reached * piety under Okawaru
  3017 | D:3      | Reached XP level 6. HP: 45/52 MP: 5/5
  3181 | D:3      | Found a stormy altar of Qazlal.
  3185 | D:3      | Found a blossoming altar of Fedhas.
  3384 | D:4      | Reached skill level 7 in Axes
  3384 | D:4      | Reached XP level 7. HP: 34/60 MP: 6/6
  3667 | D:4      | Reached ** piety under Okawaru
  3992 | D:5      | Entered Level 5 of the Dungeon
  4017 | D:5      | Noticed Dowan
  4018 | D:5      | Noticed Duvessa
  4026 | D:5      | Killed Duvessa
  4027 | D:5      | Reached skill level 8 in Axes
  4038 | D:5      | Killed Dowan
  4416 | D:5      | Reached XP level 8. HP: 47/67 MP: 7/7
  4479 | D:5      | Reached skill level 5 in Fighting
  4479 | D:5      | Reached skill level 5 in Armour
  4654 | D:5      | Reached skill level 9 in Axes
  4665 | D:5      | Noticed a two-headed ogre
  4671 | D:5      | Slain by a two-headed ogre

Illustrated notes

Levels and vault maps discovered:
D:1:      mrwooster_arrival_statue_3, layout_loops_ring,
          shapermc_ecumenical_altar_pompeii
D:2:      layout_basic, basic_altar, uniq_crazy_yiuf_cottage
D:3:      layout_loops_ring, grunt_temple_overflow_forces_of_nature,
          cheibrodos_gnoll_hut, uniq_grinder
D:4:      layout_rooms, corexii_checkpoint_b
D:5:      kennysheep_big_flooded_room, layout_basic,
          chequers_temple_overflow_statue_of_worship, uniq_duvessa, uniq_pikel

Skill      XL: |  1  2  3  4  5  6  7  8 |
---------------+-------------------------+-----
Axes           | 4 5 6 7 8 9 |  9.1
Dodging        | 4 |  4.8
Armour         | 1 3 4 5 |  5.2
Fighting       | 3 4 5 |  5.2
Throwing       | |  2.2
Stealth        | |  0.3

Action                   |  1- 3 |  4- 6 |  7- 9 || total
-------------------------+-------+-------+-------++-------
Melee: War axe           |    56 |       |       ||    56
       Headbutt          |     8 |     6 |     8 ||    22
       Executioner's axe |    14 |    62 |    60 ||   136
  Use: Scroll            |     2 |     4 |       ||     6
Armor: Leather armour    |    28 |    17 |       ||    45
       Scale mail        |       |     1 |     5 ||     6
       Plate armour      |       |       |    20 ||    20
Dodge: Dodged            |    50 |    54 |    30 ||   134
